 Dungeon Crawl Stone Soup version 0.21-a0-273-g0785366 (webtiles) character file.

67 JackS81 the Changer (level 4, -4/28 HPs)
             Began as an Octopode Transmuter on Sept 17, 2017.
             Slain by Sigmund
             ... wielding a +0 scythe
              (14 damage)
             ... on level 2 of the Dungeon.
             The game lasted 00:04:32 (1649 turns).

JackS81 the Changer (Octopode Transmuter)           Turns: 1649, Time: 00:04:32

Health: -4/28      AC:  2    Str:  9    XL:     4   Next: 16%
Magic:  2/7        EV: 19    Int: 16    God:
Gold:   37         SH:  0    Dex: 17    Spells: 3/7 levels left

rFire    . . .     SeeInvis .     - Unarmed
rCold    . . .     Gourm    .   (shield currently unavailable)
rNeg     . . .     Faith    .   (helmet currently unavailable)
rPois    x         Spirit   .   k - amulet of inaccuracy (curse)
rElec    .         Reflect  .   (no ring)
rCorr    .         Harm     .   (no ring)
MR       .....                  (no ring)
Stlth    ++........             (no ring)
HPRegen  0.09/turn              (no ring)
MPRegen  0.10/turn              (no ring)
                                (no ring)
                                (no ring)

@: spider-form
A: almost no armour, stealthy swim, (amphibious), 8 rings, (constrict 8)
a: End Transformation


You were on level 2 of the Dungeon.
You were hungry.
You were a venomous arachnid creature.
You visited 1 branch of the dungeon, and saw 2 of its levels.

You collected 37 gold pieces.

Inventory:

Missiles
 a - 12 arrows
 e - 3 tomahawks (quivered)
 g - 15 poisoned needles
Jewellery
 k - a cursed amulet of inaccuracy (around neck)
Potions
 h - a potion of cancellation
 l - a potion of berserk rage {unknown}
Books
 b - a book of Changes

   Spells                             Type                      Level
   a - Beastly Appendage              Transmutation                1
   b - Sticks to Snakes               Transmutation                2
   c - Spider Form                    Transmutation/Poison         3
   d - Ice Form                       Ice/Transmutation            4
   e - Blade Hands                    Transmutation                5
Comestibles
 c - a bread ration
 f - a royal jelly


   Skills:
 - Level 1.0 Fighting
 - Level 2.0 Dodging
 + Level 3.2 Unarmed Combat
 - Level 2.0 Spellcasting
 * Level 4.1 Transmutations


You had 3 spell levels left.
You knew the following spells:

 Your Spells              Type           Power        Failure   Level  Hunger
a - Beastly Appendage     Tmut           ##....       12%         1    #......
b - Spider Form           Tmut/Pois      #.........   47%         3    ###....


Dungeon Overview and Level Annotations

Branches:
Dungeon (2/15)

Altars:

Annotations:
D:2 Sigmund


Innate Abilities, Weirdness & Mutations

You cannot wear most types of armour.
You are very stealthy in the water. (Stealth+)
((You are amphibious.))
You can wear up to eight rings at the same time.
((You can use your tentacles to constrict eight enemies at once.))
((Your skin changes colour to match your surroundings (Stealth+).))
((Your rubbery body absorbs attacks. (AC +1, EV +1)))


Message History

You barely miss something. Something misses you.
You closely miss something.
You hear some strange, mumbled words.
A magic dart appears from out of thin air!
The magic dart hits you!
You miss something. Something hits you!
* * * LOW HITPOINT WARNING * * *
You feel much better.
Your transformation has ended.
You barely miss something. Something hits you.
You closely miss something. Something hits you!
Casting: Spider Form
Confirm with . or Enter, or press ? or * to list all spells.
You turn into a venomous arachnid creature.
You barely miss something. Something hits you.
You bite something! Something closely misses you.
You hit something. You closely miss something. Something hits you!
Ouch! That really hurt!
You die...

###..........#..
#...............
####....#...##.. .#
#......###..# ...
#......# #..###...#
.## #......#
#......... ....
#......####..##.#..
....#
#......##.#{.##.#
..#..
#......##.s#..."...
.....
#.........†........
...
#......#..#.#.#....
..###
#..................
.....
########.......##.#
..... ####.....(.#
.# .....
#.....##..## #...r
#.#...†#...# #.#
##...
#....#.#.#.##...
.....


There were no monsters in sight!

Vanquished Creatures
  Natasha (D:2)
  A gnoll (D:1)
  An ooze (D:2)
  2 dart slugs
  A leopard gecko (D:2)
  3 giant cockroaches (D:1)
  4 hobgoblins (D:1)
  2 kobolds (D:1)
  A quokka (D:2)
  2 ball pythons (D:1)
  2 bats (D:1)
  2 goblins (D:1)
  2 rats (D:2)
24 creatures vanquished.

Notes
Turn   | Place    | Note
-------+----------+-------------------------------------------
     0 | D:1      | JackS81 the Octopode Transmuter began the quest for the Orb.
     0 | D:1      | Reached XP level 1. HP: 13/13 MP: 3/3
   332 | D:1      | Reached XP level 2. HP: 10/18 MP: 3/5
   597 | D:1      | Reached skill level 3 in Transmutations
   667 | D:1      | Reached XP level 3. HP: 5/23 MP: 4/6
  1570 | D:2      | Learned a level 3 spell: Spider Form
  1617 | D:2      | Noticed Natasha
  1618 | D:2      | Noticed Sigmund
  1637 | D:2      | Killed Natasha
  1637 | D:2      | Reached skill level 4 in Transmutations
  1637 | D:2      | Reached XP level 4. HP: 28/28 MP: 4/7
  1649 | D:2      | Slain by Sigmund

Vault maps used:
D:1:      minmay_arrival_radiant_lines
D:2:      lemuel_doored_altar, first_bread, uniq_natasha, uniq_sigmund,
          uniq_robin

Skill      XL: |  1  2  3 |
---------------+----------+-----
Transmutations | 3 4 |  4.1
Fighting       | |  1.0
Dodging        | |  2.0
Unarmed Combat | |  3.2
Spellcasting   | |  2.0

Action                   |  1- 3 |  4- 6 || total
-------------------------+-------+-------++-------
Melee: Unarmed           |    56 |     9 ||    65
       Constrict         |    16 |       ||    16
       Kick              |     8 |       ||     8
       Tentacles         |     7 |       ||     7
Throw: Tomahawk          |    23 |       ||    23
 Cast: Beastly Appendage |    11 |       ||    11
       Spider Form       |     1 |     1 ||     2
  Use: Scroll            |     3 |       ||     3
       Potion            |     1 |     1 ||     2
 Stab: Sleeping          |     1 |       ||     1
  Eat: Chunk             |     2 |       ||     2
Armor: Skin              |     3 |       ||     3
Dodge: Dodged            |    30 |     2 ||    32

Table legend:
 A = Spawn XP
 B = Non-spawn XP
 C = Spawn XP percentage of total XP
 D = Spawn monster count
 E = Non-spawn monster count
 F = Spawn count percentage of total count
 G = Total turns spent on level
                    A         B        C        D         E        F      G
               +---------+---------+-------+---------+---------+-------+---------
         Total |       0 |      96 |   0.0 |       0 |      24 |   0.0 |  1649
               +---------+---------+-------+---------+---------+-------+---------
           D:1 |       0 |      43 |   0.0 |       0 |      17 |   0.0 |  1530
           D:2 |       0 |      53 |   0.0 |       0 |       7 |   0.0 |   119
               +---------+---------+-------+---------+---------+-------+---------
